 Dungeon Crawl Stone Soup version 0.23.0 (webtiles) character file.

Game seed: 13029427011453912798

4180 Goboxel the Zephyrmancer (level 10, 0/69 HPs)
             Began as a Green Draconian Air Elementalist on Feb 14, 2019.
             Was a Believer of Vehumet.
             Slain by a worker ant (4 damage)
             ... on level 9 of the Dungeon.
             The game lasted 00:39:55 (11487 turns).

Goboxel the Zephyrmancer (DrAE)                    Turns: 11487, Time: 00:39:56

Health: 0/69       AC: 10    Str: 10      XL:     10   Next: 8%
Magic:  4/21       EV: 12    Int: 18      God:    Vehumet [**....]
Gold:   608        SH:  0    Dex: 12 (13) Spells: 3/24 levels left

rFire    . . .     SeeInvis .   c - +2 whip (elec)
rCold    + . .     Gourm    .   (no shield)
rNeg     . . .     Faith    +   (armour unavailable)
rPois    +         Spirit   .   (helmet restricted)
rElec    .         Reflect  .   (no cloak)
rCorr    .         Harm     .   (no gloves)
MR       .....                  (no boots)
Stlth    ++........             g - amulet of faith
HPRegen  0.21/turn              t - +3 ring of protection
MPRegen  0.17/turn              m - ring of protection from cold

@: no status effects
A: breathe noxious fumes, unfitting armour, poison resistance, cold-blooded, AC
+7
a: Breathe Noxious Fumes, Renounce Religion


You were on level 9 of the Dungeon.
You worshipped Vehumet.
Vehumet was pleased with you.
You were hungry.

You visited 2 branches of the dungeon, and saw 10 of its levels.

You collected 632 gold pieces.
You spent 24 gold pieces at shops.

Inventory:

Hand Weapons
 c - a +2 whip of electrocution (weapon)
 w - the +4 dagger of Insomnia {freeze, rPois Int+4}
   (You found it on level 5 of the Dungeon)

   It has been specially enchanted to freeze those struck by it, causing extra
   injury to most foes and up to half again as much damage against particularly
   susceptible opponents.
   It can also slow down cold-blooded creatures.
   It affects your intelligence (+4).
   It protects you from poison.
 A - a +6 quarterstaff
Armour
 s - a scarf of spirit shield
Jewellery
 f - a +2 ring of strength
 g - an amulet of faith (around neck)
 m - a ring of protection from cold (right hand)
 n - an uncursed ring of stealth
 t - a +3 ring of protection (left hand)
 y - a +3 ring of strength
Wands
 o - a wand of acid (12)
 q - a wand of polymorph (21)
 x - a wand of flame (20)
Scrolls
 a - a scroll of teleportation
 e - 3 scrolls of enchant weapon
 h - 4 scrolls of identify
 i - 2 scrolls of immolation {unknown}
 p - a scroll of fog
 B - a scroll of blinking
Potions
 d - 4 potions of curing
 j - a potion of ambrosia
 k - a potion of heal wounds
 l - a potion of might
 r - a potion of lignification
 u - a potion of agility
 v - a potion of flight
 z - a potion of resistance
 C - a potion of haste {unknown}
 D - a potion of degeneration {unknown}
Comestibles
 b - 22 rations


   Skills:
 - Level 1.7 Dodging
 - Level 1.7 Stealth
 + Level 7.5 Spellcasting
 + Level 7.9 Conjurations
 - Level 4.8 Summonings
 + Level 0.6 Translocations
 + Level 8.5 Air Magic


You had 3 spell levels left.
You knew the following spells:

 Your Spells              Type           Power        Failure   Level  Hunger
a - Shock                 Conj/Air       ####         1%          1    None
b - Swiftness             Chrm/Air       ###.....     2%          2    None
c - Static Discharge      Conj/Air       #####...     1%          3    #......
d - Call Imp              Summ           ###.....     1%          2    None
e - Summon Lightning Spi  Summ/Air       ####....     6%          4    ###....
f - Lightning Bolt        Conj/Air       #####.....   10%         5    #####..
g - Force Lance           Conj/Tloc      ###.....     17%         4    ###....

Your spell library contained the following spells:

 Spells                   Type           Power        Failure   Level  Hunger
 Searing Ray              Conj           #####.       1%          2    None
 Summon Small Mammal      Summ           ###.         1%          1    None
 Call Canine Familiar     Summ           ###.....     4%          3    #......
 Summon Guardian Golem    Hex/Summ       ###.....     12%         3    #......
 Gell's Gravitas          Tloc           #.........   24%         3    #......
 Portal Projectile        Hex/Tloc       #.....       26%         3    #......
 Airstrike                Air            #####.....   3%          4    ###....
 Summon Ice Beast         Ice/Summ       ###.....     36%         4    ###....
 Dispersal                Tloc           #.........   100%        6    ######.
 Controlled Blink         Tloc           N/A          100%        8    #######
 Disjunction              Tloc           #.........   100%        8    #######


Dungeon Overview and Level Annotations

Branches:
Dungeon (9/15)             Temple (1/1) D:6            Lair (0/6) D:8
    Orc: D:9-12

Altars:
Ashenzari
Cheibriados
Dithmenos
Elyvilon
Fedhas
Gozag
Hepliaklqana
Kikubaaqudgha
Makhleb
Nemelex Xobeh
Okawaru
Qazlal
Ru
Sif Muna
Trog
Uskayaw
Vehumet
Wu Jian
Xom
Yredelemnul
Zin
The Shining One
Beogh

Shops:
D:4 ?   D:7 (

Annotations:
D:7 3 runed translucent doors


Innate Abilities, Weirdness & Mutations

You can breathe blasts of noxious fumes.
Your lurid green scales are hard. (AC +7)
You cannot fit into any form of body armour.
Your system is resistant to poisons. (rPois)
You are cold-blooded and may be slowed by cold attacks.


Message History

Your crimson imp blinks!
A centaur comes into view.
The worker ant bites you!
The centaur shouts!
You hit the worker ant.
The worker ant is almost dead.
The centaur wields a +0 shortbow.
The centaur shoots an arrow.
The arrow hits you!
* * * LOW HITPOINT WARNING * * *
The worker ant misses you.
You closely miss the worker ant.
The worker ant is almost dead.
Your lightning spire disappears in a puff of smoke!
The centaur shoots an arrow.
The arrow hits you.
* * * LOW HITPOINT WARNING * * *
The worker ant barely misses you.
The centaur shoots an arrow.
The arrow hits you!
* * * LOW HITPOINT WARNING * * *
The worker ant bites you.
You die...

.....'..## #......+
.....##..###......#
.....###...'......#
.....# #####..c...#
##'### ###'#### #.#
#.## ##.# #..# #..#
##.## #.## #.@# #.#
##a# #.# #######§###
#.# ..........# #.##
.....[.5§.#
...######....../...5..#
#.............%....##.#
#.#######..........# +
#.# ########.##


You could see a centaur, a worker ant and a friendly crimson imp.

Vanquished Creatures
  A hippogriff (D:7)
  A spriggan (D:8)
  A wyvern (D:8)
  A water moccasin (D:7)
  4 ice beasts
  3 sky beasts
  A phantom (D:8)
  3 ogres
  4 centaurs
  5 bullfrogs
  4 scorpions
  A howler monkey (D:6)
  3 crimson imps
  2 hounds
  3 jellies
  5 orc wizards
  3 bullfrog skeletons (D:8)
  2 orc priests
  A centaur skeleton (D:4)
  Natasha (thrice) (D:3)
  Terence (D:2)
  2 iguanas (D:7)
  5 worker ants
  2 hound skeletons
  A hound zombie (D:6)
  Robin (D:3)
  4 gnolls (D:6)
  13 adders
  2 shadow imps
  3 oozes
  3 adder skeletons
  2 worms
  2 dart slugs
  4 leopard geckos
  22 orcs
  9 bats
  6 giant cockroaches
  18 goblins
  12 hobgoblins
  5 quokkas
  4 ball pythons
  3 frilled lizards
  A giant cockroach zombie (D:5)
  12 kobolds
  A leopard gecko skeleton (D:7)
  A leopard gecko zombie (D:6)
  9 rats
199 creatures vanquished.

Vanquished Creatures (collateral kills)
  Pikel (D:3)
  A troll (D:9)
  A water moccasin (D:8)
  The ghost of PeterQ the Cutter, a weakling DsGl (D:3)
  An orc wizard (D:6)
  A quasit (D:9)
  An orc priest (D:3)
  A bullfrog skeleton (D:8)
  4 orcs (D:3)
12 creatures vanquished.

Vanquished Creatures (others)
  3 toadstools (D:6)
3 creatures vanquished.

Grand Total: 214 creatures vanquished

Notes
Turn   | Place    | Note
-------+----------+-------------------------------------------
     0 | D:1      | Goboxel the Draconian Air Elementalist began the quest for
                  | the Orb.
     0 | D:1      | Reached XP level 1. HP: 14/14 MP: 3/3
   292 | D:1      | Reached XP level 2. HP: 19/20 MP: 1/5
   363 | D:1      | Learned a level 2 spell: Swiftness
   945 | D:1      | Reached XP level 3. HP: 20/26 MP: 4/6
   953 | D:1      | Learned a level 3 spell: Static Discharge
  1428 | D:2      | Noticed Terence
  1438 | D:2      | Killed Terence
  1438 | D:2      | Reached XP level 4. HP: 33/33 MP: 3/8
  1747 | D:2      | Reached skill level 4 in Air Magic
  1756 | D:2      | Noticed a bullfrog
  1767 | D:2      | Killed a bullfrog
  1767 | D:2      | Reached XP level 5. HP: 26/38 MP: 5/10
  2705 | D:3      | Noticed Robin
  2715 | D:3      | Killed Robin
  2715 | D:3      | Reached XP level 6. HP: 44/45 MP: 1/11
  3357 | D:3      | Found a runed translucent gate.
  3358 | D:3      | Found a runed translucent gate.
  3358 | D:3      | Identified the +6 ring mail of Mental Paralysis {SInv}
  3358 | D:3      | Noticed PeterQ's ghost (weakling DsGl)
  3359 | D:3      | Found a runed translucent gate.
  3423 | D:3      | Found a roughly hewn altar of Beogh.
  3461 | D:3      | Noticed Natasha
  3469 | D:3      | Killed Natasha
  3522 | D:3      | Noticed Natasha
  3543 | D:3      | Killed Natasha
  4019 | D:3      | Noticed Natasha
  4030 | D:3      | Killed Natasha
  4465 | D:4      | Reached skill level 5 in Air Magic
  4521 | D:4      | Noticed Pikel
  4521 | D:4      | Noticed a slave
  4523 | D:4      | Noticed a slave
  4523 | D:4      | Noticed a slave
  4524 | D:4      | Noticed a slave
  4723 | D:4      | Your scales start taking on a lurid green colour.
  4723 | D:4      | Reached XP level 7. HP: 45/50 MP: 4/13
  4723 | D:4      | Gained mutation: Your system is resistant to poisons.
                  | (rPois) [Green Draconian growth]
  4915 | D:4      | Found a bloodstained altar of Trog.
  4987 | D:5      | Entered Level 5 of the Dungeon
  5684 | D:5      | Reached skill level 5 in Spellcasting
  5684 | D:5      | Reached skill level 5 in Conjurations
  5692 | D:5      | Reached skill level 6 in Air Magic
  5903 | D:5      | Reached XP level 8. HP: 55/57 MP: 7/15
  6040 | D:5      | Got a brightly glowing dagger
  6041 | D:5      | Identified the +4 dagger of Insomnia {freeze, rPois Int+4}
                  | (You found it on level 5 of the Dungeon)
  6569 | D:6      | Found a staircase to the Ecumenical Temple.
  6584 | D:6      | Learned a level 2 spell: Call Imp
  6591 | Temple   | Entered the Ecumenical Temple
  6619 | Temple   | Became a worshipper of Vehumet
  6708 | D:6      | Reached skill level 1 in Summonings
  7074 | D:3      | Killed PeterQ's ghost
  7085 | D:3      | Reached * piety under Vehumet
  7085 | D:3      | Offered knowledge of Magic Dart by Vehumet.
  7096 | D:3      | Reached skill level 7 in Air Magic
  7353 | D:4      | Found Cealom's Magic Scroll Emporium.
  7356 | D:4      | Bought a scroll of identify for 24 gold pieces
  7538 | D:3      | Killed Pikel
  7733 | D:6      | Reached XP level 9. HP: 62/62 MP: 12/18
  8062 | D:6      | Found a blossoming altar of Fedhas.
  9025 | D:7      | Reached ** piety under Vehumet
  9170 | D:7      | Offered knowledge of Searing Ray by Vehumet.
  9175 | D:7      | Found a runed translucent door.
  9176 | D:7      | Found a runed translucent door.
  9176 | D:7      | Noticed a kobold demonologist
  9177 | D:7      | Found a runed translucent door.
  9237 | D:7      | Found Qestuijo's Antique Weapon Shoppe.
  9633 | D:8      | Reached skill level 8 in Air Magic
  9801 | D:8      | Learned a level 4 spell: Summon Lightning Spire
 10173 | D:8      | Learned a level 5 spell: Lightning Bolt
 10382 | D:8      | Found a radiant altar of Vehumet.
 10401 | D:8      | Found a staircase to the Lair.
 11015 | D:8      | Reached XP level 10. HP: 19/69 MP: 21/21
 11380 | D:9      | Learned a level 4 spell: Force Lance
 11487 | D:9      | Slain by a worker ant

Skill      XL: |  1  2  3  4  5  6  7  8  9 |
---------------+----------------------------+-----
Conjurations   | 2 3 4 5 6 7 |  7.9
Spellcasting   | 3 4 5 6 7 |  7.5
Air Magic      | 4 5 6 7 8 |  8.5
Summonings     | 2 4 |  4.8
Dodging        | |  1.7
Stealth        | |  1.7
Translocations | |  0.6

Action                   |  1- 3 |  4- 6 |  7- 9 | 10-12 || total
-------------------------+-------+-------+-------+-------++-------
Melee: Unarmed           |    13 |       |       |       ||    13
       Club              |    18 |       |       |       ||    18
       Whip              |    17 |   120 |   253 |    24 ||   414
       Tailslap          |     1 |     6 |    28 |     2 ||    37
       Dagger            |       |       |    23 |       ||    23
 Cast: Shock             |    40 |    87 |   128 |     6 ||   261
       Static Discharge  |       |     5 |    19 |     1 ||    25
       Swiftness         |       |     1 |       |       ||     1
       Call Imp          |       |       |    33 |     1 ||    34
       Summon Lightning  |       |       |     2 |     1 ||     3
       Lightning Bolt    |       |       |     1 |     2 ||     3
 Abil: Breathe Noxious F |       |       |     7 |       ||     7
  Use: Scroll            |       |       |    18 |       ||    18
       Potion            |       |       |     1 |       ||     1
 Stab: Sleeping          |     1 |     2 |     2 |       ||     5
       Distracted        |       |     1 |       |     1 ||     2
       Confused          |       |       |     1 |       ||     1
  Eat: Chunk             |     2 |    11 |    16 |     1 ||    30
       Ration            |       |       |     2 |       ||     2
Armor: Skin              |    46 |    51 |   115 |    26 ||   238
Dodge: Dodged            |    76 |   101 |   209 |    36 ||   422
